[Event "Team 45 45 League 2006 Invitational"]
[Site "Internet Chess Club"]
[Date "2006.12.03"]
[Round "5"]
[White "FiendAngelical"]
[Black "Sean"]
[Result "1-0"]
[WhiteElo "1605"]
[BlackElo "1576"]
[TimeControl "2700+45"]

1. d4 Nf6 2. c4 g6 3. Nc3 Bg7 4. e4 d6 5. f3 O-O 6. Be3 c5 7. d5 e6 8. Qd2 exd5 9. cxd5 a6 10. a4 h5 11. Nge2 Nbd7 12. Ng3 Ne5 13. Be2 Nh7 14. O-O f5 15. f4 Nd7 16. exf5 gxf5 17. Bxh5 Ndf6 18. Be2 Bd7 19. h3 Qe8 20. Bd3 Nh5 21. Nxh5 Qxh5 22. Qe2 Qf7 23. Bc4 Rae8 24. Qd3 Qg6 25. Rae1 Re7 26. Bd2 Rfe8 27. a5 Bd4+ 28. Kh1 Nf6 29. Rxe7 Rxe7 30. Rf3 Kf7 31. Be3 Ne4 32. Bxd4 cxd4 33. Qxd4 Qg8 34. Nxe4 Rxe4 35. Qc3 Qc8 36. Rg3 Qf8 37. Bd3 Rxf4 38. Qc7 Qc8 39. Qxd6 Ra4 40. Qg6+ Ke7 41. d6+ Kd8 42. Qf6+ {Black resigns} 1-0

[Event "Team 45 45 League 2006 Invitational"]
[Site "Internet Chess Club"]
[Date "2006.12.03"]
[Round "5"]
[White "MPknight"]
[Black "Theodulf"]
[Result "1-0"]
[WhiteElo "1674"]
[BlackElo "1742"]
[TimeControl "2700+45"]

1. d4 d5 2. Nf3 Nf6 3. c4 dxc4 4. a4 Nc6 5. e3 Bg4 6. Bxc4 e5 7. Qb3 Bb4+ 8. Bd2 Bxd2+ 9. Nbxd2 O-O 10. dxe5 Na5 11. Qc2 Nd5 12. Bd3 g6 13. Be4 Nc6 14. O-O Ndb4 15. Qc3 Qe7 16. Rfd1 Nxe5 17. Bxb7 Rab8 18. Be4 Rfd8 19. h3 Bxf3 20. Nxf3 Nd7 21. Qxc7 Qxe4 22. Rxd7 Rdc8 23. Qe5 Qc4 24. Ng5 Nd3 25. Qd6 Nxb2 26. Nxf7 Qh4 27. Qe5 {Black resigns} 1-0

[Event "Team 45 45 League 2006 Invitational"]
[Site "Internet Chess Club"]
[Date "2006.12.04"]
[Round "5"]
[White "JustinZ"]
[Black "JimGaming"]
[Result "0-1"]
[WhiteElo "1271"]
[BlackElo "1349"]
[TimeControl "2700+45"]

1. e4 e5 2. Nf3 Nc6 3. Bb5 Nf6 4. O-O a6 5. Bxc6 dxc6 6. Re1 Bg4 7. Nc3 Bc5 8. d3 O-O 9. Be3 Bd4 10. b4 Bxc3 11. Re2 Bxf3 12. gxf3 Bxa1 13. Qxa1 Re8 14. f4 Ng4 15. fxe5 Nxe3 16. Rxe3 Qg5+ 17. Rg3 Qxe5 18. Qc1 Re6 19. f4 Qd4+ 20. Kg2 Rg6 21. f5 Rxg3+ 22. hxg3 Qxb4 23. Qg5 f6 24. Qf4 Qd6 25. Qh4 Qc5 26. c4 Qe3 27. g4 Qxd3 28. g5 fxg5 29. Qxg5 Qxe4+ 30. Kg3 Rf8 {White resigns} 0-1

[Event "Team 45 45 League 2006 Invitational"]
[Site "Internet Chess Club"]
[Date "2006.12.04"]
[Round "5"]
[White "clarinetref"]
[Black "BraafPaard"]
[Result "0-1"]
[WhiteElo "1512"]
[BlackElo "1551"]
[TimeControl "2700+45"]

1. Nf3 d5 2. c4 Nf6 3. g3 e6 4. cxd5 exd5 5. Bg2 Bd6 6. O-O O-O 7. a3 Be6 8. d3 h6 9. Nbd2 c5 10. e4 Nc6 11. Re1 dxe4 12. dxe4 Ne5 13. Qc2 Rc8 14. Nxe5 Bxe5 15. Nf3 Qc7 16. Nxe5 Qxe5 17. Bf4 Qh5 18. Qe2 Qxe2 19. Rxe2 Rfd8 20. e5 Nd5 21. Bd2 b5 22. Ba5 Nb6 23. Bb7 Rb8 24. Ba6 Rd5 25. Bxb5 Nd7 26. Bxd7 Bxd7 27. Bc3 Re8 28. Rae1 a6 29. f4 h5 30. Rd2 Rxd2 31. Bxd2 Be6 32. Re4 Rd8 33. Re2 c4 34. Bb4 Rd1+ 35. Kf2 Rd3 36. Rd2 Kh7 37. Rxd3 cxd3 38. Ke3 Bc4 39. Kd4 Bb5 40. a4 Bxa4 41. Kxd3 Bb3 42. Kc3 Be6 43. Kd4 Kg6 44. Kc5 Kf5 45. Kb6 Bc4 46. Bc5 Kg4 47. b4 Kh3 48. f5 Kxh2 49. e6 fxe6 50. fxe6 Bxe6 51. Kxa6 Kxg3 52. b5 Bc4 53. Bd6+ Kg2 54. Bf4 h4 55. Kb6 h3 56. Kc5 Bxb5 57. Kxb5 h2 58. Bxh2 Kxh2 59. Kc4 g5 60. Kd4 g4 61. Ke3 g3 62. Kf3 g2 {White resigns} 0-1

[Event "Team 45 45 League 2006 Invitational"]
[Site "Internet Chess Club"]
[Date "2006.12.04"]
[Round "5"]
[White "tammany"]
[Black "Fegary"]
[Result "0-1"]
[WhiteElo "1598"]
[BlackElo "1701"]
[TimeControl "2700+45"]

1. e4 d6 2. d4 Nf6 3. Nc3 g6 4. Bg5 Bg7 5. Qd2 h6 6. Be3 Ng4 7. Bf4 g5 8. Bg3 Bd7 9. h4 e5 10. d5 f5 11. exf5 Bxf5 12. hxg5 Qxg5 13. f4 exf4 14. Bxf4 Qe7+ 15. Nge2 Rf8 16. g3 Nd7 17. O-O-O Nf2 18. Re1 Nxh1 19. Nd4 Ne5 20. Bb5+ Kd8 21. Rxh1 Ng4 22. Re1 Be5 23. Bc6 Kc8 24. Bb5 Bh7 25. Bxh6 Rf2 26. Be2 Nxh6 27. Qxh6 Kb8 28. Ne6 a5 29. Nb5 Bxg3 30. Rg1 Rxe2 31. Rxg3 Rxc2+ 32. Kd1 Qf7 33. Qf8+ Qxf8 34. Nxf8 Rxb2 35. a4 Bc2+ 36. Kc1 Rxb5 37. axb5 Bf5 38. Rg7 Ka7 39. Ne6 Bxe6 40. dxe6 Kb6 41. e7 Kxb5 42. Rf7 Re8 43. Rf5+ Ka6 44. Rf7 b6 45. Kc2 Kb7 46. Kb3 Kc6 47. Kc4 Kd7 48. Kb5 Rxe7 {White resigns} 0-1

[Event "Team 45 45 League 2006 Invitational"]
[Site "Internet Chess Club"]
[Date "2006.12.04"]
[Round "5"]
[White "GadsHill"]
[Black "jacknor"]
[Result "0-1"]
[WhiteElo "1536"]
[BlackElo "1593"]
[TimeControl "2700+45"]

1. d4 Nf6 2. c4 g6 3. Nc3 Bg7 4. e4 d6 5. Nf3 O-O 6. Be2 e5 7. d5 Nbd7 8. Bg5 h6 9. Bh4 Qe8 10. Nd2 a6 11. b4 Nh7 12. O-O f5 13. f3 f4 14. Bf2 g5 15. c5 Ndf6 16. cxd6 cxd6 17. Nc4 Qe7 18. Nb6 Rb8 19. Rc1 h5 20. Nca4 h4 21. Nxc8 Rbxc8 22. h3 Nh5 23. Bd3 N7f6 24. Qb3 Rcd8 25. Bb6 Rd7 26. b5 g4 27. hxg4 Nxg4 28. fxg4 Ng3 29. Rf3 Qg5 30. bxa6 bxa6 31. Bxa6 Qxg4 32. Rc8 Ne2+ 33. Bxe2 Rxc8 34. Rh3 Qxe2 {White resigns} 0-1

[Event "Team 45 45 League 2006 Invitational"]
[Site "Internet Chess Club"]
[Date "2006.12.04"]
[Round "5"]
[White "jharris8000"]
[Black "Tomate"]
[Result "0-1"]
[WhiteElo "1444"]
[BlackElo "1416"]
[TimeControl "2700+45"]

1. d4 Nf6 2. c4 g6 3. Nc3 Bg7 4. e4 d6 5. Nf3 O-O 6. Be2 e5 7. d5 a5 8. O-O Na6 9. Bg5 h6 10. Be3 Ng4 11. Bd2 Nc5 12. Ne1 Nf6 13. Qc2 Bg4 14. Bxg4 Nxg4 15. h3 Nf6 16. Nf3 b6 17. Rae1 Rc8 18. a3 Re8 19. Nb5 Ra8 20. Nh2 Qd7 21. b4 axb4 22. axb4 Na6 23. Ra1 c6 24. Na3 cxd5 25. cxd5 Rac8 26. Qd3 Nc7 27. Nf3 Nh5 28. Nc4 Qb5 29. Rfc1 Red8 30. Qe3 Nxd5 31. exd5 Rxc4 32. Rxc4 Qxc4 33. Qxb6 Qc8 34. Rc1 Qd7 35. Rc7 Qe8 36. Qc6 Nf6 37. b5 g5 38. b6 Qxc6 39. dxc6 Nd5 40. Rd7 Rc8 41. c7 Nxb6 42. Rd8+ Kh7 43. Rxc8 Nxc8 44. Kf1 e4 45. Nh2 Be5 46. Ng4 Bd4 47. Be3 Bc3 48. Ke2 f5 49. Nh2 f4 50. Bc1 Ba5 51. f3 exf3+ 52. Kxf3 Bxc7 53. Ng4 Kg6 54. Nf2 Ne7 55. Ba3 Nf5 56. Ke4 Nh4 57. Nd3 Nxg2 58. Kf3 Nh4+ 59. Kf2 h5 60. Bb4 Kf5 61. Ne1 g4 62. hxg4+ hxg4 63. Nd3 g3+ 64. Kf1 f3 65. Be1 Kg4 66. Bxg3 Kxg3 67. Kg1 Bb6+ 68. Kh1 f2 69. Nxf2 Kxf2 {White resigns} 0-1

[Event "Team 45 45 League 2006 Invitational"]
[Site "Internet Chess Club"]
[Date "2006.12.04"]
[Round "5"]
[White "fredd"]
[Black "DaveTheRook"]
[Result "0-1"]
[WhiteElo "1595"]
[BlackElo "1666"]
[TimeControl "2700+45"]

1. d4 Nf6 2. c4 g6 3. Nf3 Bg7 4. Nc3 d6 5. h3 O-O 6. Bd2 Nbd7 7. Qc1 c6 8. Bh6 Re8 9. Bxg7 Kxg7 10. e3 Qa5 11. Bd3 e5 12. dxe5 dxe5 13. Nd2 e4 14. Be2 Qg5 15. g3 Nc5 16. h4 Qf5 17. h5 Nd3+ 18. Bxd3 exd3 19. h6+ Kg8 20. Rh4 Ng4 21. Nce4 Rxe4 22. Nxe4 Qxe4 23. Qc3 Qe5 24. Qxd3 Bf5 25. Qd4 Qxd4 26. exd4 Re8+ 27. Kd2 Nxf2 28. Rf1 Ne4+ 29. Kc1 Nxg3 30. Rd1 Re2 31. Rd2 Re1+ 32. Rd1 Rxd1+ 33. Kxd1 Kf8 34. d5 cxd5 35. cxd5 Ke7 36. Rh2 Kd6 37. Rd2 Be4 38. Ke1 Bxd5 39. Rd3 Ne4 40. b3 f5 41. Rf3 Ke5 42. Rf1 g5 43. Rg1 g4 44. Rg2 g3 45. Kf1 f4 46. Rc2 Bc6 47. Kg2 Ng5+ 48. Rxc6 bxc6 49. b4 Kd4 50. a4 Kc4 51. a5 Kxb4 52. a6 c5 53. Kh1 f3 54. Kg1 Kc3 55. Kf1 Kd2 56. Kg1 c4 57. Kf1 c3 {White resigns} 0-1

[Event "Team 45 45 League 2006 Invitational"]
[Site "Internet Chess Club"]
[Date "2006.12.05"]
[Round "5"]
[White "jazzpiano"]
[Black "kingfischer57"]
[Result "0-1"]
[WhiteElo "1690"]
[BlackElo "1777"]
[TimeControl "2700+45"]

1. e4 e6 2. Nf3 d5 3. e5 c5 4. b4 cxb4 5. d4 Nc6 6. Bd3 Qb6 7. O-O Bd7 8. Be3 Nge7 9. c4 bxc3 10. Nxc3 Ng6 11. Rb1 Qc7 12. h4 Be7 13. g3 a6 14. h5 Nf8 15. Bg5 h6 16. Bxe7 Nxe7 17. Qb3 Bc6 18. Rfc1 Qa5 19. Bc2 Nd7 20. Na4 O-O 21. Qd3 f5 22. exf6 Nxf6 23. Nc5 Bb5 24. Qe3 Nc6 25. Qxe6+ Kh8 26. Nh4 Ne4 27. Ng6+ Kh7 28. Nxf8+ Rxf8 29. Bxe4+ dxe4 30. Qg6+ Kh8 31. Ne6 Rg8 32. Qxe4 Qxa2 33. d5 Nd8 34. Nxd8 Rxd8 35. Rd1 Rf8 36. Qe3 Re8 37. Qd2 Qc4 38. Rbc1 Qg4 39. Re1 Be2 40. Rc2 Bb5 41. Rxe8+ Bxe8 42. Qc1 Bxh5 43. Rc8+ Kh7 44. d6 Qe6 45. Rd8 Bf3 46. d7 Qe7 47. Qc2+ g6 {White forfeits on time} 0-1

[Event "Team 45 45 League 2006 Invitational"]
[Site "Internet Chess Club"]
[Date "2006.12.03"]
[Round "5"]
[White "Budzo"]
[Black "qs16"]
[Result "1-0"]
[WhiteElo "1782"]
[BlackElo "1743"]
[TimeControl "2700+45"]

1. Nf3 Nf6 2. c4 c5 3. d4 cxd4 4. Nxd4 d6 5. Nc3 a6 6. e3 e5 7. Nf3 h6 8. Be2 Be6 9. b3 Be7 10. O-O O-O 11. Bb2 Nbd7 12. e4 Nc5 13. Qc2 Rc8 14. Rfd1 Qc7 15. Nd2 b5 16. cxb5 axb5 17. Nxb5 Qb6 18. Nc3 d5 19. exd5 Nxd5 20. Nxd5 Bxd5 21. Nc4 Bxc4 22. Bxc4 e4 23. Ba3 Rfd8 24. Bb2 Nd3 25. Qe2 Rxc4 26. bxc4 Qxb2 27. Qxb2 Nxb2 28. Rxd8+ Bxd8 29. c5 Bc7 30. Rb1 Nc4 31. Rb7 Be5 32. c6 Kh7 33. c7 Nb6 34. Rxb6 Bxc7 35. Rb7 Ba5 36. Rxf7 Bd2 37. Re7 {Black resigns} 1-0

[Event "Team 45 45 League 2006 Invitational"]
[Site "Internet Chess Club"]
[Date "2006.12.05"]
[Round "5"]
[White "Rainbird"]
[Black "parrot9"]
[Result "1/2-1/2"]
[WhiteElo "1763"]
[BlackElo "1720"]
[TimeControl "2700+45"]

1. d4 d5 2. c4 c6 3. Nc3 Nf6 4. e3 Bf5 5. cxd5 cxd5 6. Qb3 Qd7 7. Nf3 Nc6 8. Bb5 e6 9. Ne5 Qc7 10. Qa4 Rc8 11. Qxa7 Bd6 12. Nxc6 bxc6 13. Qxc7 Rxc7 14. Be2 O-O 15. O-O Rb8 16. Rd1 Bb4 17. Bd3 Bxc3 18. bxc3 Bxd3 19. Rxd3 Rcb7 20. f3 Rb1 21. Rxb1 Rxb1 22. Rd1 Ra1 23. a3 Nd7 24. Kf1 Nb6 25. Ke1 Nc4 26. e4 Ra2 27. Kf1 Ra1 28. Ke1 Ra2 29. Kf1 Ra1 30. Ke1 {Game drawn by repetition} 1/2-1/2

[Event "Team 45 45 League 2006 Invitational"]
[Site "Internet Chess Club"]
[Date "2006.12.08"]
[Round "5"]
[White "BaroneRosso"]
[Black "martineden"]
[Result "1/2-1/2"]
[WhiteElo "2037"]
[BlackElo "1900"]
[TimeControl "2700+45"]

1. d4 d5 2. c4 c6 3. Nc3 Nf6 4. e3 e6 5. Nf3 Nbd7 6. Qc2 Be7 7. Be2 dxc4 8. Bxc4 Nb6 9. Bd3 Nbd5 10. a3 Nxc3 11. bxc3 c5 12. O-O Bd7 13. e4 cxd4 14. cxd4 Rc8 15. Qe2 Bc6 16. h3 O-O 17. a4 h6 18. e5 Nd5 19. Qe4 Nf6 20. Qh4 Bxf3 21. gxf3 Nd5 22. Qe4 f5 23. exf6 Rxf6 24. Kh1 Nc3 25. Qh7+ Kf7 26. Rg1 Qg8 27. Qxg8+ Kxg8 28. Be3 Nd5 29. Be4 b6 30. Rac1 Rff8 31. Rxc8 Rxc8 32. Bxh6 Bf6 33. Be3 Rc4 34. Ra1 Bxd4 35. Bxd4 Rxd4 36. Kh2 Kf7 37. Kg3 g5 38. a5 Kf6 39. axb6 axb6 40. Rb1 Nc3 41. Rxb6 Nxe4+ 42. fxe4 {Game drawn by mutual agreement} 1/2-1/2

[Event "Team 45 45 League 2006 Invitational"]
[Site "Internet Chess Club"]
[Date "2006.12.08"]
[Round "5"]
[White "SpikeyJ"]
[Black "Flying-Tiger"]
[Result "1-0"]
[WhiteElo "1988"]
[BlackElo "1906"]
[TimeControl "2700+45"]

1. c4 c5 2. g3 g6 3. Bg2 Nc6 4. Nc3 Nf6 5. e4 Bg7 6. d3 d6 7. f4 Bg4 8. Nge2 Nd4 9. O-O Nxe2+ 10. Nxe2 Qd7 11. Rb1 Bh3 12. Bxh3 Qxh3 13. Qa4+ Qd7 14. Qxd7+ Nxd7 15. Bd2 O-O 16. a3 a5 17. b3 Rfb8 18. Nc3 Bxc3 19. Bxc3 b5 20. a4 b4 21. Bb2 f6 22. h4 Rf8 23. d4 cxd4 24. Bxd4 e5 25. fxe5 fxe5 26. Be3 Nc5 27. Bxc5 dxc5 28. Rbd1 Rfd8 29. Rd5 Rxd5 30. exd5 Rf8 31. Rxf8+ Kxf8 32. Kf2 Ke7 33. Kf3 h6 34. Ke4 Kf6 35. g4 h5 36. g5+ Ke7 37. Kxe5 Kf7 {Black resigns} 1-0